 Dungeon Crawl Stone Soup version 0.26.1-11-gd32895ea62 (webtiles) character file.

Game seed: 5024265806717829587

82430 comborobin the Warrior (level 15, -6/159 HPs)
             Began as a Palentonga Berserker on Mar 10, 2021.
             Was a High Priest of Trog.
             Mangled by a vampire mosquito (10 damage)
             ... on level 4 of the Lair of Beasts on May 30, 2021.
             The game lasted 00:42:49 (24539 turns).

comborobin the Warrior (Palentonga Berserker)      Turns: 24539, Time: 00:42:49

Health: -6/159     AC: 12    Str: 24    XL:     15   Next: 29%
Magic:  15/15      EV: 17    Int: 11    God:    Trog [*****.]
Gold:   1228       SH:  0    Dex: 17    Spells: 14/14 levels left

rFire    + + .     SeeInvis +   R - +4 glaive (flame)
rCold    x . .     Faith    .   (shield currently unavailable)
rNeg     . . .     Spirit   .   p - +3 leather armour {rF+}
rPois    .         Reflect  .   P - +2 hat
rElec    .         Harm     .   S - +2 cloak {Will+}
rCorr    .         Rampage  .   y - +0 pair of gloves
Will     +++++                  (no barding)
Stlth    +.........             V - amulet of Understanding {Regen+ Str+4 Int+2 Dex+2}
HPRegen  1.76/turn              G - ring of fire
MPRegen  0.14/turn              v - +4 ring of evasion

@: about to teleport, corroded, berserk cooldown, regenerating, slowed, curled
up, very slow
A: large, rugged brown scales 3, see invisible, deformed body, strong-willed 2,
roll 1, armoured tail, reflexive curl
a: Rolling Charge, Renounce Religion, Berserk, Trog's Hand, Brothers in Arms


You were on level 4 of the Lair of Beasts.
You worshipped Trog.
Trog was extremely pleased with you.
You visited 3 branches of the dungeon, and saw 20 of its levels.
You also visited: Gauntlet, Ice Cave and Volcano.

You collected 1385 gold pieces.
You spent 157 gold pieces at shops.

Inventory:

Hand Weapons
 a - a +2 battleaxe of electrocution
 b - the +5 scythe "Finisher" {speed, eviscerate}
   (You found it on level 8 of the Dungeon)

   Attacks with this weapon are significantly faster.
 K - a +3 vorpal executioner's axe
 R - a +4 glaive of flaming (weapon)
Missiles
 q - 2 throwing nets
Armour
 d - the +1 ring mail "Zaiqiam" {+Blink rN+ Str+5}
   (You found it in an ice cave)

   It affects your strength (+5).
   It protects you from negative energy.
   It lets you blink.
 k - the +8 shadow dragon scales of Foolhardiness {Harm Will++ Slay-6 Stlth++++}
   (You found it in an ice cave)

   It affects your accuracy and damage with ranged weapons and melee attacks
   (-6).
   It affects your willpower, your defense against some magical effects.
   It increases damage dealt and taken.
   It makes you much more stealthy.
 o - +2 swamp dragon scales
 p - a +3 leather armour of fire resistance (worn)
 s - a +2 leather armour of cold resistance
 y - a +0 pair of gloves (worn)
 P - a +2 hat (worn)
 S - a +2 cloak of willpower (worn)
 W - the +4 leather armour of Voyhurph {rN+ Str+4}
   (You found it in a volcano)

   It affects your strength (+4).
   It protects you from negative energy.
Jewellery
 h - a +4 ring of protection
 j - the amulet "Xiczol" {Spirit Str+4 Int+4}
   (You found it in a Gauntlet)

   [amulet of guardian spirit]

   It causes incoming damage to be split between your health and magic.
   It affects your strength (+4).
   It affects your intelligence (+4).
 l - an uncursed ring of stealth
 t - an uncursed ring of positive energy
 v - a +4 ring of evasion (right hand)
 G - a ring of fire (left hand)
 J - an uncursed amulet of guardian spirit
 V - the amulet of Understanding (around neck) {Regen+ Str+4 Int+2 Dex+2}
   (You found it in a Gauntlet)

   [amulet of regeneration]

   It affects your strength (+4).
   It affects your intelligence (+2).
   It affects your dexterity (+2).
   It increases your rate of regeneration.
Wands
 x - a wand of polymorph (21)
 F - a wand of random effects (81)
 I - a wand of acid (5)
 L - a wand of paralysis (12)
 M - a wand of enslavement (9)
Scrolls
 g - 2 scrolls of torment
 m - 8 scrolls of teleportation
 r - 2 scrolls of immolation
 w - a scroll of enchant weapon
 D - 15 scrolls of remove curse
 H - 2 scrolls of fear
 N - 2 scrolls of blinking
 O - 5 scrolls of magic mapping
 Y - a scroll of identify
Potions
 c - a potion of ambrosia
 e - 4 potions of might
 f - a potion of haste
 i - 3 potions of cancellation
 n - 5 potions of flight
 u - a potion of attraction
 z - a potion of invisibility
 A - 8 potions of curing
 B - 3 potions of heal wounds
 C - 3 potions of lignification
 E - 4 potions of resistance
 T - a potion of berserk rage
 U - 4 potions of brilliance
 X - a potion of magic
 Z - a potion of mutation


   Skills:
 - Level 17.9 Fighting
 - Level 14.1(17.4) Axes
 + Level 15.9(17.5) Polearms
 - Level 1.5 Armour
 - Level 5.9 Dodging


You had 14 spell levels left.
You didn't know any spells.
Your spell library contained the following spells:

 Spells                   Type           Power        Failure   Level
 Sandblast                Erth           0%           38%         1
 Passwall                 Tmut/Erth      0%           52%         2
 Ignite Poison            Fire/Tmut/Pois 0%           77%         3
 Ice Form                 Ice/Tmut       0%           99%         4
 Leda's Liquefaction      Hex/Erth       0%           99%         4
 Petrify                  Tmut/Erth      0%           99%         4
 Alistair's Intoxication  Tmut/Pois      0%           100%        5
 Bolt of Magma            Conj/Fire/Erth 0%           100%        5
 Irradiate                Conj/Tmut      0%           100%        5
 Eringya's Noxious Bog    Tmut/Pois      0%           100%        6
 Iron Shot                Conj/Erth      0%           100%        6
 Statue Form              Tmut/Erth      0%           100%        6
 Shatter                  Erth           0%           100%        9


Dungeon Overview and Level Annotations

Branches:
Dungeon (15/15)            Temple (1/1) D:7            Lair (4/6) D:8
  Swamp (0/4) Lair:2       Spider (0/4) Lair:4          Orc (0/2) D:11
 Vaults (0/5) D:14         Depths (0/5) D:15          IceCv (visited)
Volcano (visited)         Gauntlet (visited)

Altars:
Gozag
Hepliaklqana
Nemelex Xobeh
Okawaru
Qazlal
Sif Muna
Trog
Uskayaw
Wu Jian
Xom
Beogh

Shops:
D:5 (*   D:10 [*

Annotations:
D:10 2 transporters, axecop's ghost, novice DsAK


Innate Abilities, Weirdness & Mutations

You are completely covered in rugged brown scales. (AC +3, +7% HP)
You have supernaturally acute eyesight. (SInv)
Armour fits poorly on your strangely shaped body.
You can roll at nearby foes to attack.
You have a long armoured tail.
You curl defensively after being hit.
You are highly strong-willed. (Will++)


Message History

The acid corrodes you!
You are splashed with acid!
* * * LOW HITPOINT WARNING * * *
The six-headed hydra misses you.
The six-headed hydra bites you but does no damage.
The six-headed hydra closely misses you.
The six-headed hydra misses you. The six-headed hydra bites you!
* * * LOW HITPOINT WARNING * * *
The six-headed hydra bites you but does no damage.
The goliath frog hits you from afar.
* * * LOW HITPOINT WARNING * * *
You are splashed with acid!
* * * LOW HITPOINT WARNING * * *
The six-headed hydra closely misses you.
The six-headed hydra bites you!
* * * LOW HITPOINT WARNING * * *
The six-headed hydra bites you but does no damage. x2
The six-headed hydra closely misses you.
The six-headed hydra barely misses you. The vampire mosquito bites you!
You die...

#####.#.##
#..#......#
#....#######.#.#...#
##......#.###.##....
##.............[...
#.......#####.....
##...#...##.###....
#...≈#.............
##.≈≈≈≈≈≈≈≈≈#######
#@#≈≈≈≈≈≈≈≈≈≈#
##y≈##≈##≈≈###≈#≈
#FDy##≈≈≈#≈≈≈ ≈≈≈
##.y≈≈≈≈#≈≈##≈≈≈≈
#y≈≈≈#≈≈≈≈≈#≈≈#≈
##.≈≈w#≈≈≈≈≈≈≈≈≈≈
#..#≈##≈≈≈≈≈#≈≈≈.
##.≈≈w≈≈t≈≈≈≈≈≈≈.
##.≈#≈.#..≈≈#


You could see a six-headed hydra, a tyrant leech (fleeing), a goliath frog, a
swamp worm (fleeing) and 4 vampire mosquitoes.

Vanquished Creatures
  Rupert (D:13)
  Louise (D:14)
  A minotaur (Gauntlet)
  A dire elephant (Gauntlet)
  Snorg (Lair:3)
  A vault guard (D:14)
  Fannar (Lair:1)
  2 boulder beetles
  4 hydras
  A catoblepas (D:15)
  Erica (D:10)
  A hell beast (Gauntlet)
  The ghost of nomophobia the Grappler, a novice TrMo of Cheibriados (Lair:1)
  A centaur warrior (D:14)
  A dancing weapon (Lair:1)
  6 two-headed ogres
  A queen ant (Lair:3)
  A vampire mage (D:15)
  6 skeletal warriors
  A goliath frog (Lair:4)
  An unseen horror (D:11)
  An orc knight (D:15)
  4 wizards (D:14)
  2 necromancers
  2 orc sorcerers
  3 deep elf magi
  3 manticores
  13 ugly things
  3 centaur zombies
  2 cyclopes
  11 elephants
  2 ice statues (IceCv)
  Maurice (D:12)
  A smoke demon (Volcano)
  2 molten gargoyles (Volcano)
  12 cane toads
  A rime drake (Lair:4)
  6 gargoyles
  A kobold demonologist (D:15)
  3 komodo dragons
  A centaur skeleton (D:15)
  3 yaktaurs (D:15)
  11 ice devils
  A tengu conjurer (D:15)
  A yaktaur skeleton (D:15)
  A red devil (Volcano)
  A polar bear (Lair:4)
  Prince Ribbit (D:7)
  3 trolls
  3 slime creatures (D:14)
  A hornet (D:14)
  A spriggan zombie (D:15)
  14 blink frogs
  A meliai zombie (D:14)
  A deep troll zombie (D:15)
  A deep troll skeleton (D:15)
  2 vampires
  Sigmund (D:3)
  7 wraiths
  4 wyverns
  19 humans (D:14)
  36 yaks
  2 fire bats (Volcano)
  A basilisk (Lair:3)
  6 vampire mosquitoes
  A steam dragon (D:11)
  A warg (D:15)
  21 soldier ants
  2 swamp worms (Lair:2)
  An acid dragon (D:11)
  9 water moccasins
  3 hell hounds
  A sky beast (D:12)
  A hornet zombie (D:8)
  6 ice beasts
  7 black bears
  2 eyes of draining
  9 orc warriors
  2 phantoms
  3 wolves (Lair:2)
  3 ogres
  9 centaurs
  A big kobold (D:9)
  20 bullfrogs
  A wyvern skeleton (D:13)
  2 scorpions
  14 killer bees
  A howler monkey (D:12)
  2 electric eels
  4 lava snakes (Volcano)
  2 quasits (D:9)
  8 hounds
  9 orc wizards
  6 orc priests
  A jelly (D:9)
  A bullfrog skeleton (D:7)
  5 iguanas
  27 worker ants
  3 troll simulacra (IceCv)
  A centaur simulacrum (IceCv)
  A hound skeleton (D:8)
  Robin (D:2)
  4 gnolls (D:3)
  A howler monkey skeleton (D:8)
  10 adders
  4 naga simulacra (IceCv)
  2 ogre simulacra (IceCv)
  2 shadow imps (D:10)
  4 white imps
  2 ufetubi (D:8)
  2 oozes
  An adder zombie (D:5)
  2 adder skeletons
  2 worms (D:2)
  A dart slug (D:2)
  2 leopard geckos
  52 orcs
  A ball python (D:3)
  8 bats
  3 giant cockroaches
  20 goblins
  10 hobgoblins
  4 jackals
  7 quokkas
  7 frilled lizards
  8 kobolds
  3 quokka zombies
  5 rats
589 creatures vanquished.

Vanquished Creatures (collateral kills)
  A death ooze (Gauntlet)
1 creature vanquished.

Vanquished Creatures (others)
  48 fungi
  43 plants
  25 withered plants
116 creatures vanquished.

Grand Total: 706 creatures vanquished

Notes
Turn   | Place    | Note
-------+----------+-------------------------------------------
     0 | D:1      | comborobin the Palentonga Berserker began the quest for the
                  | Orb.
     0 | D:1      | Reached XP level 1. HP: 20/20 MP: 1/1
   349 | D:1      | Reached XP level 2. HP: 27/27 MP: 2/2
  1022 | D:2      | Reached XP level 3. HP: 33/33 MP: 3/3
  1301 | D:2      | Noticed Robin
  1315 | D:2      | Reached ** piety under Trog
  1319 | D:2      | Killed Robin
  1320 | D:2      | Reached XP level 4. HP: 23/40 MP: 4/4
  1550 | D:2      | Reached skill level 5 in Axes
  2402 | D:3      | Noticed Sigmund
  2411 | D:3      | Killed Sigmund
  2412 | D:3      | Reached XP level 5. HP: 48/48 MP: 5/5
  2557 | D:3      | Reached XP level 6. HP: 54/54 MP: 6/6
  3002 | D:3      | Reached *** piety under Trog
  3743 | D:4      | Found a bloodstained altar of Trog.
  3745 | D:4      | Found a hazy altar of Hepliaklqana.
  4072 | D:4      | Found a shimmering blue altar of Sif Muna.
  4319 | D:4      | Gained mutation: You curl defensively after being hit.
                  | [Palentonga growth]
  4319 | D:4      | Reached XP level 7. HP: 60/60 MP: 7/7
  4540 | D:5      | Entered Level 5 of the Dungeon
  4540 | D:5      | Found Xiat's Elemental Accessories.
  4579 | D:5      | Found an ornate altar of the Wu Jian Council.
  4832 | D:5      | Found Xuhysoih's Antique Weapon Shop.
  5031 | D:5      | Found an iron altar of Okawaru.
  6059 | D:6      | Found an opulent altar of Gozag.
  6506 | D:7      | Reached skill level 10 in Axes
  6506 | D:7      | Reached XP level 8. HP: 67/67 MP: 8/8
  6696 | D:7      | Found a staircase to the Ecumenical Temple.
  6743 | Temple   | Entered the Ecumenical Temple
  7331 | D:8      | Noticed Prince Ribbit
  7546 | D:7      | Killed Prince Ribbit
  7785 | D:8      | Reached XP level 9. HP: 65/73 MP: 9/9
  8183 | D:8      | Reached **** piety under Trog
  8316 | D:8      | Found a stormy altar of Qazlal.
  8327 | D:8      | Found a hide-covered altar of Uskayaw.
  8443 | D:8      | Noticed a red ugly thing
  8455 | D:8      | Killed a red ugly thing
  8456 | D:8      | Reached XP level 10. HP: 82/82 MP: 10/10
  8549 | D:8      | Reached skill level 4 in Fighting
  8567 | D:8      | Reached skill level 5 in Fighting
  8570 | D:8      | Found the +5 scythe "Finisher" {speed, eviscerate}
  8927 | D:8      | Found a staircase to the Lair.
  9115 | D:9      | Reached skill level 6 in Fighting
  9385 | D:9      | Found a sparkling altar of Nemelex Xobeh.
  9532 | D:9      | Got a crude robe
  9543 | D:9      | Identified the +2 robe of the Furies {+Fly} (You found it
                  | on level 9 of the Dungeon)
  9567 | D:9      | Noticed a cyclops
  9590 | D:9      | Killed a cyclops
  9591 | D:9      | Reached skill level 7 in Fighting
 10069 | D:9      | Reached skill level 8 in Fighting
 10428 | D:10     | Entered Level 10 of the Dungeon
 10444 | D:10     | Found Rahiploo's General Store.
 10494 | D:10     | Reached skill level 9 in Fighting
 10645 | D:10     | Reached XP level 11. HP: 103/103 MP: 11/11
 10696 | D:10     | Noticed Erica
 10700 | D:10     | Paralysed by Erica for 3 turns
 10712 | D:10     | Killed Erica
 10907 | D:10     | Found Ycwyasu's Antique Armour Emporium.
 10950 | D:10     | Bought an embroidered cloak for 157 gold pieces
 11550 | D:10     | Noticed a death knight
 11554 | D:10     | Found a transporter.
 11554 | D:10     | Noticed axecop's ghost (novice DsAK)
 11571 | D:10     | Found a transporter.
 11797 | D:11     | Found a staircase to the Orcish Mines.
 11831 | D:11     | Noticed an unseen horror
 11838 | D:11     | Killed an unseen horror
 11886 | D:11     | Reached ***** piety under Trog
 11922 | D:11     | Noticed a cyan ugly thing
 11923 | D:11     | Found a gate leading to a gauntlet.
 11944 | D:11     | Killed a cyan ugly thing
 11945 | D:11     | Reached skill level 10 in Fighting
 11957 | Gauntlet | Entered a Gauntlet
 11957 | Gauntlet | Found a transporter.
 11957 | Gauntlet | Found a transporter.
 11969 | Gauntlet | Noticed a fire crab
 11971 | Gauntlet | Noticed a death ooze
 12021 | Gauntlet | Found a transporter.
 12066 | Gauntlet | Noticed a death ooze
 12074 | Gauntlet | Noticed a hell beast
 12077 | Gauntlet | Found a transporter.
 12078 | Gauntlet | Noticed a reaper
 12079 | Gauntlet | Found a transporter.
 12079 | Gauntlet | Found a transporter.
 12099 | Gauntlet | Found a transporter.
 12102 | Gauntlet | Found a transporter.
 12118 | Gauntlet | Found a transporter.
 12130 | Gauntlet | Upgraded the game from 0.26.1-2-gb8aa6d0cf2 to
                  | 0.26.1-11-gd32895ea62
 12172 | Gauntlet | Found a transporter.
 12181 | Gauntlet | Found a transporter.
 12213 | Gauntlet | Found a transporter.
 12246 | Gauntlet | Found a transporter.
 12256 | Gauntlet | Noticed a dire elephant
 12266 | Gauntlet | Found a transporter.
 12361 | Gauntlet | Found a transporter.
 12375 | Gauntlet | Found a transporter.
 12577 | Gauntlet | Killed a death ooze
 12736 | Gauntlet | Got an ancient iron amulet
 12744 | Gauntlet | Identified the amulet "Xiczol" {Spirit Str+4 Int+4} (You
                  | found it in a Gauntlet)
 12757 | Gauntlet | Killed a dire elephant
 12758 | Gauntlet | Reached skill level 5 in Dodging
 12965 | Gauntlet | Killed a hell beast
 12976 | Gauntlet | Got a warped brass amulet
 12994 | Gauntlet | Identified the amulet of Understanding {Regen+ Str+4 Int+2
                  | Dex+2} (You found it in a Gauntlet)
 13023 | Gauntlet | Noticed a minotaur
 13048 | Gauntlet | Killed a minotaur
 13059 | Gauntlet | Identified Sif Muna's Collected Works on Transmigration
 13065 | Gauntlet | Identified the Papyrus of the Rocks
 13212 | D:11     | Reached skill level 11 in Fighting
 13337 | D:11     | Found a roughly hewn altar of Beogh.
 13395 | D:11     | Noticed a two-headed ogre
 13410 | D:11     | Killed a two-headed ogre
 13411 | D:11     | Reached skill level 12 in Fighting
 13712 | D:11     | Noticed a skeletal warrior
 13713 | D:11     | Noticed a skeletal warrior
 13714 | D:11     | Killed a skeletal warrior
 13715 | D:11     | Reached XP level 12. HP: 120/120 MP: 12/12
 13731 | D:11     | Reached skill level 13 in Fighting
 14101 | D:12     | Reached skill level 14 in Fighting
 14183 | D:12     | Found a frozen archway.
 14259 | IceCv    | Entered an ice cave
 14302 | IceCv    | Reached skill level 15 in Fighting
 14494 | IceCv    | Reached skill level 16 in Fighting
 14502 | IceCv    | Got distressingly furry shadow dragon scales
 14503 | IceCv    | Identified the +8 shadow dragon scales of Foolhardiness
                  | {Harm Will++ Slay-6 Stlth++++} (You found it in an ice
                  | cave)
 14617 | IceCv    | Got a steaming ring mail
 14628 | IceCv    | Identified the cursed +1 ring mail "Zaiqiam" {+Blink rN+
                  | Str+5} (You found it in an ice cave)
 15010 | D:12     | Received a gift from Trog
 15014 | D:12     | Reached skill level 17 in Fighting
 15231 | D:12     | Noticed a two-headed ogre
 15234 | D:12     | Killed a two-headed ogre
 15436 | D:12     | Noticed Maurice
 15446 | D:12     | Killed Maurice
 15597 | D:13     | Reached XP level 13. HP: 141/141 MP: 13/13
 16044 | D:13     | Found a stormy altar of Qazlal.
 16054 | D:13     | Noticed Rupert
 16127 | D:13     | Killed Rupert
 16784 | D:14     | Reached skill level 1 in Polearms
 17055 | D:14     | Gained mutation: You are strong-willed. (Will+) [potion of
                  | mutation]
 17055 | D:14     | Gained mutation: You are highly strong-willed. (Will++)
                  | [potion of mutation]
 17256 | D:14     | Reached skill level 5 in Polearms
 17265 | D:14     | Noticed Louise
 17299 | D:14     | Killed Louise
 17709 | D:14     | Found a gate to the Vaults.
 18271 | D:15     | Entered Level 15 of the Dungeon
 18474 | D:14     | Reached XP level 14. HP: 117/150 MP: 14/14
 18944 | D:15     | Received a gift from Trog
 18957 | D:15     | Found a staircase to the Depths.
 19094 | D:15     | Reached skill level 10 in Polearms
 19837 | Lair:1   | Entered Level 1 of the Lair of Beasts
 19837 | Lair:1   | Noticed Fannar
 19839 | Lair:1   | Killed Fannar
 20234 | Lair:1   | Found a runed translucent door.
 20234 | Lair:1   | Found a shimmering altar of Xom.
 20234 | Lair:1   | Noticed nomophobia's ghost (novice TrMo)
 20711 | Lair:1   | Identified a scroll of acquirement
 20711 | Lair:1   | Acquired a manual of Polearms
 20861 | Lair:1   | Killed nomophobia's ghost
 21379 | Lair:2   | Received a gift from Trog
 22060 | Lair:2   | Found a staircase to the Swamp.
 22392 | Lair:3   | Noticed Snorg
 22399 | Lair:3   | Killed Snorg
 22411 | Lair:3   | Reached XP level 15. HP: 159/159 MP: 15/15
 22968 | Lair:3   | Reached skill level 15 in Polearms
 23519 | Lair:4   | Found a hole to the Spider Nest.
 23601 | Lair:4   | Found a dark tunnel.
 23607 | Volcano  | Entered a volcano
 23986 | Volcano  | Found a burning altar of Makhleb.
 24237 | Volcano  | Identified the +4 leather armour of Voyhurph {rN+ Str+4}
                  | (You found it in a volcano)
 24538 | Lair:4   | HP: 2/159 [six-headed hydra (8)]
 24539 | Lair:4   | Mangled by a vampire mosquito

Illustrated notes

Levels and vault maps discovered:
D:1:      eino_arrival_water_star, layout_basic
D:2:      layout_loops_corners, uniq_robin
D:3:      layout_loops_ring, st_stairs_10, guppyfry_early_orc_mine, uniq_sigmund
D:4:      layout_basic, general_overflow_altar,
          chequers_temple_overflow_statue_of_worship
D:5:      layout_loops_corners, okawaru_gym_becter, kennysheep_mini,
          serial_shops, shop, nicolae_elemental_shop
D:6:      layout_basic, grunt_gozag_statues
D:7:      layout_rooms, minmay_temple_entry_wispy, lemuel_old_faithful
D:8:      layout_rooms, grunt_temple_overflow_open, due_lair_maze_entry_diamond,
          minmay_guarded_unrand_finisher, uniq_prince_ribbit1
D:9:      layout_irregular_city, lemuel_round_altar
D:10:     layout_basic, gammafunk_ghost_mausoleum, serial_shops, shop,
          shop_statue, hangedman_abyss_or_decor_clamps, uniq_erica
D:11:     layout_roguey, minmay_orc_entry_temple_small, gauntlet_entry_generic
D:12:     layout_long_grid, portal_ice_cave_demonic_guard, uniq_maurice
D:13:     layout_grid_maze, nicolae_qazlal_general_emergency, uniq_rupert
D:14:     layout_roguey, grunt_vaults_entry_tiered, uniq_louise
D:15:     gammafunk_depths_entry_grave, layout_irregular_city
Temple:   nicolae_temple_figure_eight
Lair:1:   layout_loops_ring, ebering_ghost_xom, serial_bayou_shore_a,
          infiniplex_staircase_pool, lemuel_fruit_fields, grunt_megastairs_5,
          uniq_fannar
Lair:2:   layout_chaotic_city, palyth_hydra_swamp_entry
Lair:3:   layout_gridlike, minivault_29, infiniplex_staircase_pool_2, uniq_snorg
Lair:4:   onia_ninara_swampy_vault, layout_misc_corridors,
          spider_nest_entry_web_field, nicolae_volcano_entry_two_sided

Skill      XL: |  1  2  3  4  5  6  7  8  9 10 11 12 13 14 15 |
---------------+----------------------------------------------+-----
Axes           | 4 6 8 10 11 14 | 14.1
Fighting       | 9 12 17 | 17.9
Dodging        | 2 5 |  5.9
Polearms       | 8 14 15 | 15.9
Armour         | |  1.5

Action                   |  1- 3 |  4- 6 |  7- 9 | 10-12 | 13-15 || total
-------------------------+-------+-------+-------+-------+-------++-------
Melee: Hand axe          |    79 |   166 |   193 |   264 |       ||   702
       Tailslap          |     9 |    26 |    26 |    91 |   146 ||   298
       Scythe            |       |       |       |   303 |   493 ||   796
       Battleaxe         |       |       |       |       |   237 ||   237
       Scimitar          |       |       |       |       |    23 ||    23
       Glaive            |       |       |       |       |     1 ||     1
Invok: Berserk           |     1 |     2 |     7 |     9 |    12 ||    31
       Trog's Hand       |       |     1 |     1 |     1 |     6 ||     9
       Brothers in Arms  |       |       |       |     1 |     2 ||     3
  Use: Scroll            |       |     2 |       |    29 |    13 ||    44
       Potion            |       |     1 |       |       |     3 ||     4
 Stab: Sleeping          |     3 |     5 |     5 |    19 |     1 ||    33
       Distracted        |       |       |       |     1 |     1 ||     2
Armor: Animal skin       |    22 |    40 |    53 |    29 |       ||   144
       Robe              |       |       |       |    20 |       ||    20
       Leather armour    |       |       |       |    53 |   237 ||   290
       Swamp dragon scal |       |       |       |    13 |       ||    13
Dodge: Dodged            |    45 |    80 |   155 |   334 |   580 ||  1194
       Rpst.: Scimitar   |       |       |       |       |     4 ||     4
